 Dungeon Crawl Stone Soup version 0.21.0-30-g47ce8e4 (webtiles) character file.

5940 tidbits the Magician (level 10, 25/79 HPs)
             Began as a Gnoll Skald on Jan 29, 2018.
             Was a Priest of Cheibriados.
             Quit the game on level 12 of the Dungeon.
             The game lasted 00:24:25 (2719 turns).

tidbits the Magician (Gnoll Skald)                  Turns: 2719, Time: 00:24:25

Health: 25/79      AC:  8    Str: 26    XL:     10   Next: 83%
Magic:  21/21      EV: 18    Int: 25    God:    Cheibriados [***...]
Gold:   345        SH:  0    Dex: 23    Spells: 13/24 levels left

rFire    + . .     SeeInvis .   G - +0 war axe
rCold    . . .     Gourm    .   (no shield)
rNeg     . . .     Faith    .   B - +3 leather armour of Starshine {rF+ Str+6}
rPois    .         Spirit   .   (no helmet)
rElec    .         Reflect  .   C - scarf {repulsion}
rCorr    .         Harm     .   (no gloves)
MR       .....                  F - +0 pair of boots
Stlth    +++.......             (no amulet)
HPRegen  0.23/turn              W - ring of wizardry
MPRegen  0.17/turn              (no ring)

@: mildly poisoned (25 -> 24), repel missiles, very slow
A: distributed training, claws 1, fangs 1, hooves 1, strong nose
a: Bend Time, Temporal Distortion, Renounce Religion


You were on level 12 of the Dungeon.
You worshipped Cheibriados.
Cheibriados was most pleased with you.
You were full.

You visited 1 branch of the dungeon, and saw 12 of its levels.

You collected 345 gold pieces.

Inventory:

Hand Weapons
 a - a +0 hand axe
 i - a +1 dagger of venom
   (You found it on level 5 of the Dungeon)
 j - a +0 dagger
 k - a +0 hunting sling
 p - a +4 scimitar of flaming
   (You took it off Erica on level 8 of the Dungeon)
 s - a +3 shortbow
 G - a +0 war axe (weapon)
Missiles
 h - 11 tomahawks (quivered)
 m - 27 arrows
Armour
 b - a +0 leather armour
 e - a +0 ring mail
 g - the +1 leather armour of Yesterday {Int+4, unknown}
   (You found it on level 7 of the Dungeon)

   It affects your intelligence (+4).
 v - a +1 ring mail of cold resistance
   (You found it on level 1 of the Dungeon)
 B - the +3 leather armour of Starshine (worn) {rF+ Str+6}
   (You took it off an orc on level 5 of the Dungeon)

   It affects your strength (+6).
   It protects you from fire.
 C - a scarf of repulsion (worn)
   (You found it on level 7 of the Dungeon)
 D - a +2 robe of cold resistance
   (You took it off Erica on level 8 of the Dungeon)
 F - a +0 pair of boots (worn)
Jewellery
 W - a ring of wizardry (left claw)
   (You found it on level 4 of the Dungeon)
Wands
 H - a wand of polymorph (7)
Scrolls
 f - a scroll of amnesia {unknown}
 n - 2 scrolls of enchant armour {unknown}
 o - a scroll of magic mapping
 q - a scroll of immolation
 r - 3 scrolls of remove curse
 t - 7 scrolls of teleportation
 y - a scroll of summoning {unknown}
 A - 2 scrolls of fog {unknown}
Potions
 l - 2 potions of haste
 u - a potion of mutation {!q}
 w - 2 potions of resistance
 x - a potion of flight
 z - a potion of might
 E - a potion of lignification
Books
 c - a book of Battle

   Spells                             Type                      Level
   a - Infusion                       Charms                       1
   b - Shroud of Golubria             Charms/Translocation         2
   c - Song of Slaying                Charms                       2
   d - Spectral Weapon                Hexes/Charms                 3
   e - Regeneration                   Charms/Necromancy            3
Comestibles
 d - 8 rations


   Skills:
 + Level 7.3 Fighting
 + Level 5.5 Short Blades
 + Level 5.5 Long Blades
 + Level 7.3 Axes
 + Level 5.5 Maces & Flails
 + Level 5.5 Polearms
 + Level 5.5 Staves
 + Level 5.5 Slings
 + Level 5.5 Bows
 + Level 5.5 Crossbows
 + Level 5.5 Throwing
 + Level 6.2 Armour
 + Level 7.3 Dodging
 + Level 5.5 Stealth
 + Level 5.5 Shields
 + Level 5.5 Unarmed Combat
 + Level 7.5 Spellcasting
 + Level 4.5 Conjurations
 + Level 4.5 Hexes
 + Level 7.2 Charms
 + Level 4.5 Summonings
 + Level 4.5 Necromancy
 + Level 4.5 Translocations
 + Level 4.5 Transmutations
 + Level 4.5 Fire Magic
 + Level 4.5 Ice Magic
 + Level 4.5 Air Magic
 + Level 4.5 Earth Magic
 + Level 4.5 Poison Magic
 + Level 6.1 Invocations
 + Level 5.5 Evocations


You had 13 spell levels left.
You knew the following spells:

 Your Spells              Type           Power        Failure   Level  Hunger
g - Shroud of Golubria    Chrm/Tloc      #####.....   1%          2    None
i - Infusion              Chrm           ####         1%          1    None
r - Regeneration          Chrm/Necr      #####.....   1%          3    None
w - Spectral Weapon       Hex/Chrm       #####...     1%          3    None
y - Song of Slaying       Chrm           #####...     1%          2    None


Dungeon Overview and Level Annotations

Branches:
Dungeon (12/15)            Temple (0/1) D:4
   Lair: D:8-11         Orc: D:9-12

Altars:
Cheibriados
Fedhas
Hepliaklqana
Nemelex Xobeh
Xom

Shops:
D:5 (

Annotations:
D:12 Fannar


Innate Abilities, Weirdness & Mutations

Your experience applies equally to all skills.
You have very sharp teeth.
Your uncanny sense of smell can sniff out nearby items.
You have sharp fingernails.
You have large cloven feet.


Message History

2 tomahawks; a whip; a leather armour; an orc corpse
h - 9 tomahawks (gained 2)
Things that are here:
a flail; 2 tomahawks
h - 11 tomahawks (gained 2)
You swap places.
Things that are here:
a dagger; a robe; an orc corpse
Things that are here:
a dagger; a robe Your spectral weapon fades away.
Things that are here:
a club; a leather armour
There is a stone staircase leading down here.
You climb downwards.
There is a stone staircase leading up here.
Unknown command.
You open the door.
A hippogriff comes into view.
The hippogriff screeches!
There is an open door here.
Found a scroll labeled TOSHYLOEGI.
Casting: Spectral Weapon
Confirm with . or Enter, or press ? or * to list all spells.
You draw out your weapon's spirit!
You hit the hippogriff. You bite the hippogriff.
The hippogriff is lightly wounded.
Your spectral weapon hits the hippogriff!!
The hippogriff bites your spectral weapon.
Your spectral weapon shares its damage with you!
The hippogriff pecks your spectral weapon.
Your spectral weapon shares its damage with you!
The hippogriff claws your spectral weapon but does no damage.
You strike the helpless hippogriff from behind!
You hit the hippogriff. You bite the hippogriff.
The hippogriff is almost dead.
Your spectral weapon hits the hippogriff!
You kill the hippogriff!
Cheibriados appreciates the change of pace.
You see here a scroll labeled TOSHYLOEGI.
n - 2 scrolls labeled TOSHYLOEGI (gained 1)
You open the door.
Fannar the Cold-Hearted comes into view.
He is wielding a quarterstaff of freezing.
Fannar shouts!
Fannar gestures wildly while chanting.
Fannar closely misses you.
A worker ant comes into view.
There is an open door here.
Fannar points at you and mumbles some strange words.
The bolt of cold misses you.
Unknown command.
You closely miss Fannar. Your claw misses Fannar.
You bite Fannar, but do no damage.
Your spectral weapon hits Fannar.
Fannar completely misses you.
You hit Fannar but do no damage.
Fannar is lightly wounded.
You barely miss the ice beast.
Your spectral weapon hits Fannar but does no damage.
Fannar hits you with a quarterstaff of freezing.
Fannar freezes you. The ice beast closely misses you.
You miss Fannar. You bite Fannar, but do no damage.
You closely miss the ice beast.
Your spectral weapon closely misses Fannar.
Fannar hits you but does no damage. The ice beast closely misses you.
You hit Fannar but do no damage. You bite Fannar, but do no damage.
You barely miss the ice beast. You hit the worker ant.
Your spectral weapon misses Fannar.
Your spectral weapon barely misses the worker ant.
The worker ant bites you!
You are poisoned.
The worker ant poisons you! The ice beast misses you.
Fannar hits you but does no damage. The worker ant closely misses you.
The ice beast hits you. The ice beast freezes you!
* * * LOW HITPOINT WARNING * * *
Fannar misses you.
A deep elf mage comes into view. It is wielding a dagger.
Okay, then.
You hit Fannar but do no damage. You hit the worker ant.
You hit the ice beast but do no damage.
You feel sick.
Your spectral weapon closely misses Fannar.
Your spectral weapon hits the worker ant!
The worker ant closely misses you. The ice beast closely misses you.
The deep elf mage mumbles some strange words.
The deep elf mage blinks!
Fannar hits you with a quarterstaff of freezing.
* * * LOW HITPOINT WARNING * * *
Fannar freezes you.
* * * LOW HITPOINT WARNING * * *
You barely miss Fannar. You bite Fannar, but do no damage.
You hit the worker ant. You hit the ice beast.
You feel sick.
Your spectral weapon closely misses Fannar.
Your spectral weapon hits the worker ant.
You kill the worker ant!
Cheibriados appreciates the change of pace.
The ice beast closely misses you.
Fannar hits you with a quarterstaff of freezing.
* * * LOW HITPOINT WARNING * * *
Fannar freezes you.
* * * LOW HITPOINT WARNING * * *
Are you sure you want to abandon this character and quit the game? (Confirm with "yes".)

#.......#...............
#.......#.......#'####..
+.......####....+....###
#..........#....#......)
#..........#....#......#
#..........#....#......+
#..........#....#......#
#######(####....########
.......@e...... ..
........Y...... ...
............... ....
............... ....
...............
...............
...#####.###### ### ##


You could see Fannar, an ice beast and a friendly spectral war axe.

Vanquished Creatures
  A hydra (D:11)
  Erica (D:8)
  A two-headed ogre (D:8)
  Pikel (D:7)
  A gargoyle (D:11)
  2 hippogriffs
  A hungry ghost (D:8)
  Menkaure (D:7)
  The ghost of MenacingMecha the Firebug, an amateur TeFE (D:4)
  4 orc warriors
  2 ice beasts
  2 sky beasts (D:5)
  A phantom (D:8)
  An ogre (D:7)
  A centaur (D:5)
  2 bullfrogs
  A wyvern zombie (D:11)
  A scorpion (D:11)
  5 crimson imps
  A bullfrog zombie (D:5)
  3 jellies
  6 orc priests
  A hound (D:4)
  2 centaur skeletons
  8 orc wizards
  An iguana (D:4)
  3 worker ants
  A hound zombie (D:6)
  A worker ant zombie (D:5)
  A howler monkey skeleton (D:4)
  2 adders
  2 shadow imps (D:7)
  An adder zombie (D:5)
  3 adder skeletons
  2 worms (D:2)
  3 dart slugs
  5 leopard geckos
  19 orcs
  2 ball pythons
  2 giant cockroaches (D:5)
  3 goblins
  2 hobgoblins
  6 jackals
  A quokka (D:9)
  A ball python zombie (D:5)
  2 bats
  6 frilled lizards
  A jackal zombie (D:5)
  5 kobolds
  A quokka zombie (D:5)
  2 rats
129 creatures vanquished.

Vanquished Creatures (others)
  A slave (D:7)
  An orc priest (D:7)
  3 orc wizards
  An orc (D:7)
  A plant (D:10)
  4 spectral weapons
11 creatures vanquished.

Grand Total: 140 creatures vanquished

Notes
Turn   | Place    | Note
-------+----------+-------------------------------------------
     0 | D:1      | tidbits the Gnoll Skald began the quest for the Orb.
     0 | D:1      | Reached XP level 1. HP: 20/20 MP: 6/6
   144 | D:1      | Reached XP level 2. HP: 26/26 MP: 4/7
   151 | D:1      | Learned a level 2 spell: Song of Slaying
   154 | D:1      | Learned a level 2 spell: Shroud of Golubria
   385 | D:3      | HP: 1/26 [orc wizard/puff of flame (8)]
   390 | D:3      | Reached skill level 5 in Spellcasting
   390 | D:3      | Reached skill level 1 in Invocations
   390 | D:3      | Reached XP level 3. HP: 11/31 MP: 7/9
   403 | D:3      | Reached skill level 1 in Short Blades
   403 | D:3      | Reached skill level 1 in Long Blades
   403 | D:3      | Reached skill level 1 in Maces & Flails
   403 | D:3      | Reached skill level 1 in Polearms
   403 | D:3      | Reached skill level 1 in Staves
   403 | D:3      | Reached skill level 1 in Slings
   403 | D:3      | Reached skill level 1 in Bows
   403 | D:3      | Reached skill level 1 in Crossbows
   403 | D:3      | Reached skill level 1 in Throwing
   403 | D:3      | Reached skill level 1 in Stealth
   403 | D:3      | Reached skill level 1 in Shields
   403 | D:3      | Reached skill level 1 in Unarmed Combat
   403 | D:3      | Reached skill level 1 in Evocations
   411 | D:3      | Reached XP level 4. HP: 37/38 MP: 1/11
   435 | D:3      | Learned a level 3 spell: Regeneration
   439 | D:3      | Learned a level 3 spell: Spectral Weapon
   528 | D:2      | Found a blossoming altar of Fedhas.
   580 | D:2      | Found a shimmering altar of Xom.
   647 | D:4      | Reached skill level 1 in Conjurations
   647 | D:4      | Reached skill level 1 in Hexes
   647 | D:4      | Reached skill level 1 in Summonings
   647 | D:4      | Reached skill level 1 in Necromancy
   647 | D:4      | Reached skill level 1 in Translocations
   647 | D:4      | Reached skill level 1 in Transmutations
   647 | D:4      | Reached skill level 1 in Fire Magic
   647 | D:4      | Reached skill level 1 in Ice Magic
   647 | D:4      | Reached skill level 1 in Air Magic
   647 | D:4      | Reached skill level 1 in Earth Magic
   647 | D:4      | Reached skill level 1 in Poison Magic
   720 | D:3      | Found a snail-covered altar of Cheibriados.
   727 | D:3      | Reached XP level 5. HP: 43/43 MP: 8/12
   730 | D:3      | Became a worshipper of Cheibriados the Contemplative
   771 | D:4      | Noticed MenacingMecha's ghost (amateur TeFE)
   812 | D:4      | Reached skill level 3 in Armour
   872 | D:4      | Found a staircase to the Ecumenical Temple.
   907 | D:4      | Found a hazy altar of Hepliaklqana.
   931 | D:4      | Killed MenacingMecha's ghost
   931 | D:4      | Reached skill level 2 in Invocations
   931 | D:4      | Reached XP level 6. HP: 31/50 MP: 7/14
   960 | D:5      | Entered Level 5 of the Dungeon
   984 | D:6      | Reached skill level 5 in Fighting
   984 | D:6      | Reached skill level 5 in Axes
   984 | D:6      | Reached skill level 5 in Dodging
   998 | D:5      | Reached skill level 2 in Short Blades
   998 | D:5      | Reached skill level 2 in Long Blades
   998 | D:5      | Reached skill level 2 in Maces & Flails
   998 | D:5      | Reached skill level 2 in Polearms
   998 | D:5      | Reached skill level 2 in Staves
   998 | D:5      | Reached skill level 2 in Slings
   998 | D:5      | Reached skill level 2 in Bows
   998 | D:5      | Reached skill level 2 in Crossbows
   998 | D:5      | Reached skill level 2 in Throwing
   998 | D:5      | Reached skill level 2 in Stealth
   998 | D:5      | Reached skill level 2 in Shields
   998 | D:5      | Reached skill level 2 in Unarmed Combat
   998 | D:5      | Reached skill level 2 in Evocations
  1095 | D:5      | Reached * piety under Cheibriados
  1102 | D:5      | Noticed a sky beast
  1108 | D:5      | Reached XP level 7. HP: 52/56 MP: 10/15
  1124 | D:5      | Reached skill level 2 in Conjurations
  1124 | D:5      | Reached skill level 2 in Hexes
  1124 | D:5      | Reached skill level 2 in Summonings
  1124 | D:5      | Reached skill level 2 in Necromancy
  1124 | D:5      | Reached skill level 2 in Translocations
  1124 | D:5      | Reached skill level 2 in Transmutations
  1124 | D:5      | Reached skill level 2 in Fire Magic
  1124 | D:5      | Reached skill level 2 in Ice Magic
  1124 | D:5      | Reached skill level 2 in Air Magic
  1124 | D:5      | Reached skill level 2 in Earth Magic
  1124 | D:5      | Reached skill level 2 in Poison Magic
  1148 | D:5      | Found Ekennopa's Weapon Emporium.
  1276 | D:5      | Reached skill level 3 in Invocations
  1299 | D:5      | Reached XP level 8. HP: 19/63 MP: 12/16
  1310 | D:5      | Got a twisted leather armour
  1324 | D:5      | Reached skill level 6 in Charms
  1472 | D:6      | Reached skill level 4 in Armour
  1484 | D:6      | Reached ** piety under Cheibriados
  1484 | D:6      | Reached skill level 3 in Short Blades
  1484 | D:6      | Reached skill level 3 in Long Blades
  1484 | D:6      | Reached skill level 3 in Maces & Flails
  1484 | D:6      | Reached skill level 3 in Polearms
  1484 | D:6      | Reached skill level 3 in Staves
  1484 | D:6      | Reached skill level 3 in Slings
  1484 | D:6      | Reached skill level 3 in Bows
  1484 | D:6      | Reached skill level 3 in Crossbows
  1484 | D:6      | Reached skill level 3 in Throwing
  1484 | D:6      | Reached skill level 3 in Stealth
  1484 | D:6      | Reached skill level 3 in Shields
  1484 | D:6      | Reached skill level 3 in Unarmed Combat
  1484 | D:6      | Reached skill level 3 in Evocations
  1541 | D:7      | Identified the +3 leather armour of Starshine {rF+ Str+6} (You took it off an orc on level 5 of the Dungeon)
  1563 | D:7      | Noticed Menkaure
  1583 | D:7      | Killed Menkaure
  1583 | D:7      | Reached skill level 6 in Spellcasting
  1596 | D:7      | Noticed Pikel
  1614 | D:7      | Killed Pikel
  1614 | D:7      | Reached skill level 3 in Conjurations
  1614 | D:7      | Reached skill level 3 in Hexes
  1614 | D:7      | Reached skill level 3 in Summonings
  1614 | D:7      | Reached skill level 3 in Necromancy
  1614 | D:7      | Reached skill level 3 in Translocations
  1614 | D:7      | Reached skill level 3 in Transmutations
  1614 | D:7      | Reached skill level 3 in Fire Magic
  1614 | D:7      | Reached skill level 3 in Ice Magic
  1614 | D:7      | Reached skill level 3 in Air Magic
  1614 | D:7      | Reached skill level 3 in Earth Magic
  1614 | D:7      | Reached skill level 3 in Poison Magic
  1614 | D:7      | Reached skill level 4 in Invocations
  1614 | D:7      | Reached XP level 9. HP: 49/69 MP: 8/18
  1670 | D:7      | Reached skill level 6 in Fighting
  1670 | D:7      | Reached skill level 6 in Axes
  1670 | D:7      | Reached skill level 6 in Dodging
  1723 | D:7      | Got a jewelled leather armour
  1748 | D:7      | Reached skill level 4 in Short Blades
  1748 | D:7      | Reached skill level 4 in Long Blades
  1748 | D:7      | Reached skill level 4 in Maces & Flails
  1748 | D:7      | Reached skill level 4 in Polearms
  1748 | D:7      | Reached skill level 4 in Staves
  1748 | D:7      | Reached skill level 4 in Slings
  1748 | D:7      | Reached skill level 4 in Bows
  1748 | D:7      | Reached skill level 4 in Crossbows
  1748 | D:7      | Reached skill level 4 in Throwing
  1748 | D:7      | Reached skill level 4 in Stealth
  1748 | D:7      | Reached skill level 4 in Shields
  1748 | D:7      | Reached skill level 4 in Unarmed Combat
  1748 | D:7      | Reached skill level 4 in Evocations
  1848 | D:8      | Found a sparkling altar of Nemelex Xobeh.
  2044 | D:7      | Gained mutation: You have sharp fingernails. [potion of mutation]
  2044 | D:7      | Gained mutation: You have large cloven feet. [potion of mutation]
  2162 | D:8      | Reached skill level 5 in Armour
  2174 | D:8      | Noticed a two-headed ogre
  2185 | D:8      | Killed a two-headed ogre
  2185 | D:8      | Reached skill level 5 in Invocations
  2238 | D:8      | Noticed Erica
  2268 | D:8      | Killed Erica
  2268 | D:8      | Reached skill level 7 in Spellcasting
  2268 | D:8      | Reached skill level 4 in Conjurations
  2268 | D:8      | Reached skill level 4 in Hexes
  2268 | D:8      | Reached skill level 4 in Summonings
  2268 | D:8      | Reached skill level 4 in Necromancy
  2268 | D:8      | Reached skill level 4 in Translocations
  2268 | D:8      | Reached skill level 4 in Transmutations
  2268 | D:8      | Reached skill level 4 in Fire Magic
  2268 | D:8      | Reached skill level 4 in Ice Magic
  2268 | D:8      | Reached skill level 4 in Air Magic
  2268 | D:8      | Reached skill level 4 in Earth Magic
  2268 | D:8      | Reached skill level 4 in Poison Magic
  2268 | D:8      | Reached XP level 10. HP: 42/77 MP: 17/20
  2370 | D:9      | Reached skill level 5 in Short Blades
  2370 | D:9      | Reached skill level 5 in Long Blades
  2370 | D:9      | Reached skill level 5 in Maces & Flails
  2370 | D:9      | Reached skill level 5 in Polearms
  2370 | D:9      | Reached skill level 5 in Staves
  2370 | D:9      | Reached skill level 5 in Slings
  2370 | D:9      | Reached skill level 5 in Bows
  2370 | D:9      | Reached skill level 5 in Crossbows
  2370 | D:9      | Reached skill level 5 in Throwing
  2370 | D:9      | Reached skill level 5 in Stealth
  2370 | D:9      | Reached skill level 5 in Shields
  2370 | D:9      | Reached skill level 5 in Unarmed Combat
  2370 | D:9      | Reached skill level 5 in Evocations
  2376 | D:10     | Entered Level 10 of the Dungeon
  2433 | D:11     | Noticed a kobold demonologist
  2564 | D:11     | Noticed a gargoyle
  2567 | D:11     | Killed a gargoyle
  2567 | D:11     | Reached skill level 7 in Charms
  2579 | D:11     | Reached *** piety under Cheibriados
  2579 | D:11     | Reached skill level 7 in Fighting
  2579 | D:11     | Reached skill level 7 in Axes
  2579 | D:11     | Reached skill level 7 in Dodging
  2584 | D:11     | Noticed an eight-headed hydra
  2606 | D:11     | Killed a three-headed hydra
  2606 | D:11     | Reached skill level 6 in Armour
  2606 | D:11     | Reached skill level 6 in Invocations
  2710 | D:12     | Noticed Fannar
  2717 | D:12     | Noticed a deep elf mage
  2719 | D:12     | Quit the game

Skill      XL: |  1  2  3  4  5  6  7  8  9 10 |
---------------+-------------------------------+-----
Spellcasting   | 5 6 7 |  7.5
Invocations    | 1 2 3 4 5 6 |  6.1
Short Blades   | 1 2 3 4 5 |  5.5
Long Blades    | 1 2 3 4 5 |  5.5
Maces & Flails | 1 2 3 4 5 |  5.5
Polearms       | 1 2 3 4 5 |  5.5
Staves         | 1 2 3 4 5 |  5.5
Slings         | 1 2 3 4 5 |  5.5
Bows           | 1 2 3 4 5 |  5.5
Crossbows      | 1 2 3 4 5 |  5.5
Throwing       | 1 2 3 4 5 |  5.5
Stealth        | 1 2 3 4 5 |  5.5
Shields        | 1 2 3 4 5 |  5.5
Unarmed Combat | 1 2 3 4 5 |  5.5
Evocations     | 1 2 3 4 5 |  5.5
Conjurations   | 1 2 3 4 |  4.5
Hexes          | 1 2 3 4 |  4.5
Summonings     | 1 2 3 4 |  4.5
Necromancy     | 1 2 3 4 |  4.5
Translocations | 1 2 3 4 |  4.5
Transmutations | 1 2 3 4 |  4.5
Fire Magic     | 1 2 3 4 |  4.5
Ice Magic      | 1 2 3 4 |  4.5
Air Magic      | 1 2 3 4 |  4.5
Earth Magic    | 1 2 3 4 |  4.5
Poison Magic   | 1 2 3 4 |  4.5
Armour         | 3 4 5 6 |  6.2
Fighting       | 5 6 7 |  7.3
Axes           | 5 6 7 |  7.3
Dodging        | 5 6 7 |  7.3
Charms         | 6 7 |  7.2

Action                   |  1- 3 |  4- 6 |  7- 9 | 10-12 || total
-------------------------+-------+-------+-------+-------++-------
Melee: Hand axe          |    49 |   106 |   138 |     1 ||   294
       Bite              |     5 |    12 |    42 |    16 ||    75
       Punch             |       |     1 |     4 |     3 ||     8
       Dagger            |       |     1 |    57 |       ||    58
       Scimitar          |       |       |       |    40 ||    40
       War axe           |       |       |       |    15 ||    15
 Cast: Infusion          |     8 |       |       |       ||     8
       Song of Slaying   |     1 |       |       |       ||     1
       Spectral Weapon   |       |    17 |    21 |    12 ||    50
       Shroud of Golubri |       |     6 |     9 |     1 ||    16
       Regeneration      |       |     4 |     4 |       ||     8
Invok: Bend Time         |       |     1 |     3 |       ||     4
  Use: Potion            |     3 |     3 |     2 |       ||     8
       Scroll            |     2 |     1 |    10 |     1 ||    14
 Stab: Sleeping          |     1 |     4 |     3 |     1 ||     9
       Distracted        |       |       |     4 |     1 ||     5
       Invisible         |       |       |     1 |       ||     1
  Eat: Ration            |     1 |     1 |     2 |     1 ||     5
Armor: Leather armour    |     6 |     5 |    10 |    16 ||    37
       Ring mail         |       |    25 |    35 |       ||    60
Dodge: Dodged            |    31 |    71 |   119 |    56 ||   277
       Deflected         |       |       |     1 |     2 ||     3
       Rpst.: Scimitar   |       |       |       |     5 ||     5

Table legend:
 A = Turns spent in this place as a percentage of turns spent in the entire game.
 B = Non-inter-level travel turns spent in this place as a percentage of non-inter-level travel turns spent in the entire game.
 C = Inter-level travel turns spent in this place as a percentage of turns spent in this place.
 D = Turns resting spent in this place as a percentage of non-inter-level travel turns spent in this place.
 E = Turns spent auto-exploring this place as a percentage of non-inter-level travel turns spent in this place.
 F = Non-inter-level travel turns spent in this place divided by the number of levels of this place that you've seen.
                   A       B       C       D       E      F
               +-------+-------+-------+-------+-------+----------------------
         Total | 100.0 | 100.0 |   2.6 |   0.0 |   0.0 | 220.8
       Dungeon | 100.0 | 100.0 |   2.6 |   0.0 |   0.0 | 220.8
               +-------+-------+-------+-------+-------+----------------------

Table legend:
 A = Kills in this place as a percentage of kills in entire the game.
 B = Kills by you in this place as a percentage of kills by you in the entire game.
 C = Kills by friends in this place as a percentage of kills by friends in the entire game.
 D = Other kills in this place as a percentage of other kills in the entire game.
 E = Experience gained in this place as a percentage of experience gained in the entire game.
 F = Experience gained in this place divided by the number of levels of this place that you have seen.
                   A       B       C       D       E      F
               +-------+-------+-------+-------+-------+----------------------
         Total | 100.0 | 100.0 |   N/A | 100.0 | 100.0 | 707.2
       Dungeon | 100.0 | 100.0 |   N/A | 100.0 | 100.0 | 707.2
               +-------+-------+-------+-------+-------+----------------------

Vault maps used:
D:1:      shiori_arrival_maze
D:2:      fedhas_altar_3, lemuel_crystal_altar
D:3:      kennysheep_slug_shrine, chequers_ecumenical_altar_lobes,
          grunt_qazlal_sundering
D:4:      kennysheep_mini, lemuel_zombie_altar_kikubaaqudgha, temple_hall
D:5:      serial_shops, shop_statue, serial_undead, serial_undead_c,
          serial_undead_b, serial_undead_a, serial_undead_e, first_ration
D:6:      minivault_23
D:7:      uniq_pikel, uniq_menkaure
D:8:      tso_metal_star, nicolae_overflow_crystal_walls, kennysheep_little_box,
          serial_co_window_serial, co_window_corner_a, co_window_cross_1,
          co_window_corner_a, co_window_paths_a, co_window_paths_b,
          co_window_paths_b, co_window_2corner, co_window_of_opportunity_c,
          co_window_corner_b, co_window_paths_c, co_window_paths_c,
          co_window_unsneaky_path_b, co_window_4corner_a, grunt_livestock,
          grunt_ministairs_10, lemuel_statue_altar, uniq_erica
D:9:      ashenzari_conservatory_becter, david_lair_shrubbed, uniq_maurice
D:10:     st_stairs_4, hangedman_abyss_or_decor_passed, columned_hall_lemuel,
          serial_bayou_lagoon_a
D:11:     orc_0_dummy
D:12:     minivault_16, uniq_fannar
